 Dungeon Crawl Stone Soup version 0.20-a0-492-g6327889 (webtiles) character file.

49 M4edhros the Sneak (level 3, -1/23 HPs)
             Began as an Octopode Artificer on Jan 16, 2017.
             Slain by an orc
             ... wielding a +1 flail of protection
              (9 damage)
             ... on level 3 of the Dungeon.
             The game lasted 00:00:39 (261 turns).

M4edhros the Sneak (Octopode Artificer)              Turns: 261, Time: 00:00:39

Health: -1/23      AC:  1    Str: 11    XL:     3   Next: 75%
Magic:  5/5        EV: 13    Int: 13    God:
Gold:   58         SH:  0    Dex: 13    Spells: 2/2 levels left

rFire    . . .     SeeInvis .   a - +0 short sword
rCold    . . .     Gourm    .   (no shield)
rNeg     + . .     Faith    .   (helmet restricted)
rPois    .         Spirit   .   (no amulet)
rElec    .         Reflect  .   g - ring of positive energy
rCorr    .         Harm     .   (no ring)
MR       .....                  (no ring)
Stlth    ++++......             (no ring)
Regen    0.0/turn               (no ring)
                                (no ring)
                                (no ring)
                                (no ring)

@: no status effects
A: almost no armour, stealthy swim, amphibious, 8 rings, constrict 8, camouflage
1, gelatinous body 1
a: no special abilities


You were on level 3 of the Dungeon.
You were not hungry.

You visited 1 branch of the dungeon, and saw 3 of its levels.

You collected 58 gold pieces.

Inventory:

Hand Weapons
 a - a +0 short sword (weapon)
Jewellery
 g - a ring of positive energy (left tentacle)
Wands
 b - a wand of flame (12/48)
 c - a wand of enslavement (13/24)
 d - a wand of random effects (15/48)
Scrolls
 h - a scroll of amnesia {unknown}
Potions
 e - a potion of curing {unknown}
 i - a potion of heal wounds {unknown}
Comestibles
 f - 2 bread rations


   Skills:
 - Level 1.0 Fighting
 - Level 1.0 Short Blades
 - Level 2.0 Dodging
 + Level 5.1 Stealth
 - Level 3.2 Evocations


You had 2 spell levels left.
You didn't know any spells.

Dungeon Overview and Level Annotations

Branches:
Dungeon (3/15)

Altars:
Sif Muna


Innate Abilities, Weirdness & Mutations

You cannot wear most types of armour.
You are very stealthy in the water. (Stealth+)
You are amphibious.
You can wear up to eight rings at the same time.
You can use your tentacles to constrict eight enemies at once.
Your skin changes colour to match your surroundings (Stealth+).
Your rubbery body absorbs attacks. (AC +1, EV +1)


Message History

Aim: a hobgoblin, wielding a club The puff of flame hits the hobgoblin.
You kill the hobgoblin!
This wand has 14 charges left.
Evoke which item? (* to show all) (? for menu, Esc to quit)
Aiming: Throw Flame
Press: ? - help, Shift-Dir - straight line, f - orc
Aim: an orc, wielding a flail of protection The puff of flame hits the orc.
The orc is moderately wounded.
This wand has 13 charges left.
Evoke which item? (* to show all) (? for menu, Esc to quit)
Aiming: Throw Flame
Press: ? - help, Shift-Dir - straight line, f/p - orc
Aim: an orc, wielding a flail of protection (moderately wounded)
The puff of flame hits the orc.
The orc is almost dead.
This wand has 12 charges left.
The orc hits you with a flail of protection!
You die...

...)...##
#..g....... #
#.....###.#
#.#.)........
#.#<# .# #.o†#
.# ##..## .#
####...######<#
.........o.[o@.#
#####.#.########
#.#.# #.#.#
#.#.# #.#.# #.#
.>


You could see an orc and a friendly orc wizard.

Vanquished Creatures
  An orc priest (D:3)
  A leopard gecko (D:1)
  3 orcs (D:3)
  3 goblins (D:1)
  3 hobgoblins
  2 bats (D:1)
  3 rats
16 creatures vanquished.

Notes
Turn   | Place    | Note
-------+----------+-------------------------------------------
     0 | D:1      | M4edhros the Octopode Artificer began the quest for the Orb.
     0 | D:1      | Reached XP level 1. HP: 13/13 MP: 3/3
    21 | D:1      | Reached skill level 2 in Stealth
    46 | D:1      | Reached XP level 2. HP: 13/18 MP: 4/4
   137 | D:1      | Reached skill level 3 in Stealth
   170 | D:1      | Found a deep blue altar of Sif Muna.
   241 | D:3      | Reached skill level 4 in Stealth
   241 | D:3      | Reached XP level 3. HP: 14/23 MP: 5/5
   257 | D:3      | Reached skill level 5 in Stealth
   261 | D:3      | Slain by an orc

Vault maps used:
D:1:      sevenhm_arrival_forest_fort_small_6, minmay_pentomino_o4
D:2:      chequers_ecumenical_altar_simple_redux, uniq_sigmund
D:3:      uniq_robin, uniq_natasha

Skill      XL: |  1  2  3 |
---------------+----------+-----
Stealth        | 2 4 5 |  5.1
Fighting       | |  1.0
Short Blades   | |  1.0
Dodging        | |  2.0
Evocations     | |  3.2

Action                   || total
-------------------------++-------
Melee: Short sword       ||    31
       Constrict         ||    10
       Tentacles         ||     4
Evoke: Wand              ||     5
 Stab: Sleeping          ||     2
Dodge: Dodged            ||    22
